Punishers vs Mulligans
Created - December 30, 2019 at 19:00
Goals
|
| Punishers |
0 |
1 |
0 |
1 |
| Mulligans |
0 |
3 |
3 |
6 |
|
Shots
|
| Punishers |
7 |
19 |
6 |
32 |
| Mulligans |
12 |
13 |
7 |
32 |
|
1st period
No Goal
Penalties :
Sven Baertschi (Rep) for Roughing (Minor) at 3:19, Sam Bennett (Rep) for Hooking (Minor) at 10:16
2nd period
1. Mulligans , Logan Shaw 13 (Maxime Macenauer 13) at 2:32
2. Mulligans , Matt Beleskey 11 (Maxime Macenauer 14, Logan Shaw 15) at 2:49
3. Mulligans , Joonas Donskoi 6 (Robbie Russo 1, Michael Sdao 12) at 8:47
4. Punishers , Garret Ross 8 (Miikka Salomaki 18, Andreas Athanasiou 13) at 9:03
Penalties :
Daniel Audette (Pro) for Hooking (Minor) at 13:44
3rd period
5. Mulligans , Joonas Donskoi 7 (Reid Boucher 1) at 11:14
6. Mulligans , Eric Tangradi 23 (Anton Lander 34) at 12:00 (PP)
7. Mulligans , Eric Tangradi 24 (Anton Lander 35, Michael Sdao 13) at 14:46 (PP)
Penalties :
Carter Ashton (Pro) for Hooking (Minor) at 9:03, Garret Ross (Pro) for High sticking (Double Minor) at 11:17, Ben Betker (Pro) for Tripping (Minor) at 14:33, Madison Bowey (Pro) for Tripping (Minor) at 18:28
Goalie Stats
Louis Domingue (Pro), 26 saves from 32 shots - (0.813), L, 12-9-2, 60:00 minutes
Calvin Pickard (Rep), 31 saves from 32 shots - (0.969), W, 13-8-1, 60:00 minutes
Players Stats for Punishers
Player Name G A P +/- PIM S H SB GA TA FO MP PP MP PK MP
------------------------------------------------------------------------------------
Adam Pelech 0 0 0 -4 0 1 1 1 1 1 0/0 25:59 2:42 5:03
Alex Schoenborn 0 0 0 0 0 0 0 0 0 0 0/0 1:20 0:18 0:00
Andreas Athanasiou 0 1 1 -1 0 0 4 0 0 0 9/21 20:39 1:59 4:52
Austen Brassard 0 0 0 0 0 1 1 0 0 0 0/0 10:50 0:00 0:00
Ben Betker 0 0 0 0 2 3 0 0 0 0 0/0 13:13 0:00 0:40
Carter Ashton 0 0 0 -1 2 1 1 0 0 1 0/0 14:54 1:41 1:28
Daniel Audette 0 0 0 -1 2 1 3 0 0 0 2/6 10:05 0:00 0:00
Dylan DeMelo 0 0 0 0 0 0 1 2 0 1 0/0 12:40 0:00 0:16
Garret Ross 1 0 1 -1 4 3 0 0 0 0 1/1 17:27 1:59 1:27
John Macfarland 0 0 0 -1 0 4 1 0 0 0 0/0 11:34 0:00 1:22
John Quenneville 0 0 0 0 0 1 1 0 0 1 0/3 12:42 0:00 1:44
Jordan Schmaltz 0 0 0 1 0 2 3 2 2 0 0/0 20:59 1:16 2:41
Madison Bowey 0 0 0 1 2 3 3 0 0 1 0/0 20:46 1:16 2:41
Michael Joly 0 0 0 -1 0 1 0 0 0 1 1/1 10:24 0:14 0:00
Miikka Salomaki 0 1 1 -1 0 1 1 0 0 0 6/9 20:39 1:59 4:52
Nikita Gusev 0 0 0 0 0 0 3 0 0 0 0/0 12:10 0:18 0:00
Radek Faksa 0 0 0 -1 0 4 1 0 0 1 3/7 15:30 1:45 1:03
Slava Voynov 0 0 0 -4 0 5 0 1 0 2 0/0 26:21 2:42 5:27
Tyler Bertuzzi 0 0 0 -1 0 1 1 0 2 0 0/0 13:19 1:41 0:00
Players Stats for Mulligans
Player Name G A P +/- PIM S H SB GA TA FO MP PP MP PK MP
------------------------------------------------------------------------------------
Anton Lander 0 2 2 -1 0 1 0 0 2 0 14/25 22:37 4:42 1:13
Ben Hutton 0 0 0 0 0 2 0 2 3 2 0/0 26:53 4:39 2:28
Cade Fairchild 0 0 0 2 0 1 1 1 0 2 0/0 24:58 3:45 1:30
Cristiano Digiacinto 0 0 0 0 0 0 0 0 0 0 0/0 0:00 0:00 0:00
Darren Dietz 0 0 0 2 0 0 0 0 1 1 0/0 22:23 3:45 1:42
Drayson Bowman 0 0 0 1 0 5 2 0 0 0 0/0 10:16 0:00 0:00
Eric Tangradi 2 0 2 -1 0 4 2 0 1 0 0/2 21:31 4:42 2:01
John Hayden 0 0 0 0 0 0 0 0 0 0 0/0 1:27 0:00 0:44
Jonathan Ferland 0 0 0 -1 0 0 0 1 0 0 1/3 21:31 4:42 2:01
Jonny Brodzinski 0 0 0 1 0 0 0 0 0 0 0/0 0:17 0:05 0:00
Joonas Donskoi 2 0 2 2 0 2 0 0 0 0 0/0 10:33 0:05 0:00
Logan Shaw 1 1 2 2 0 3 1 0 0 0 0/0 16:23 3:37 0:00
Matt Beleskey 1 0 1 2 0 1 1 0 0 0 0/0 16:23 3:37 0:00
Maxime Macenauer 0 2 2 2 0 5 1 0 0 0 7/13 17:55 3:37 1:13
Michael Sdao 0 2 2 -1 0 1 3 3 0 0 0/0 29:17 3:57 1:48
Nick Moutrey 0 0 0 0 0 0 0 0 0 0 0/0 0:00 0:00 0:00
Reid Boucher 0 1 1 1 0 0 0 0 0 0 1/1 1:49 0:05 0:28
Robbie Russo 0 1 1 2 0 1 1 1 1 0 0/0 14:07 0:42 0:28
Robby Fabbri 0 0 0 0 0 0 3 0 0 0 3/3 8:34 0:00 0:00
Sam Bennett 0 0 0 1 2 2 1 0 0 0 0/1 10:34 0:00 0:00
Sven Baertschi 0 0 0 1 2 3 1 0 1 0 0/0 9:58 0:00 0:16
Valeri Nichushkin 0 0 0 0 0 1 2 0 0 0 0/0 8:34 0:00 0:00
3 Stars
1 - Joonas Donskoi (Rep)
2 - Calvin Pickard (Rep)
3 - Logan Shaw (Rep)
Power Play
Punishers - 0 on 2 Attempt(s) - 0.00%
Mulligans - 2 on 6 Attempt(s) - 33.33%
Penalty Kill
Punishers - 4 on 6 Attempt(s) - 66.67%
- Score 0 goal in Penalty Kill
Mulligans - 2 on 2 Attempt(s) - 100.00%
- Score 0 goal in Penalty Kill
Team Stat
Punishers - Hits : 25 - Faceoff Wins : 22 - Blocked Shots : 6 - Penalty Minutes : 12
Mulligans - Hits : 19 - Faceoff Wins : 26 - Blocked Shots : 8 - Penalty Minutes : 4
Official
Referees : Unknown
Linesman : Unknown
Game Notes
No Game Note
Finance
Level 1 -- Attendance: 1571 (78.55%) -- Ticket Income $31,420
Level 2 -- Attendance: 693 (69.30%) -- Ticket Income $6,930
Total Attendance: 2264 (75.47%)
Total Ticket Income: $38,350
Other Income: $1,918
Total Income: $40,268
Punishers
5 vs 5 Forward
Center Left Wing Right Wing Time % Phy DF OF
1 Andreas Athanasiou Garret Ross Miikka Salomaki 40 1 2 2
2 Radek Faksa Tyler Bertuzzi Carter Ashton 30 1 2 2
3 John Quenneville Nikita Gusev Austen Brassard 20 1 2 2
4 Daniel Audette John Macfarland Michael Joly 10 1 2 2
5 vs 5 Defense
Defense Defense Time % Phy DF OF
1 Slava Voynov Adam Pelech 40 1 2 2
2 Jordan Schmaltz Madison Bowey 30 1 2 2
3 Dylan DeMelo Ben Betker 20 1 2 2
4 Slava Voynov Adam Pelech 10 1 2 2
PowerPlay Forward
Center Left Wing Right Wing Time % Phy DF OF
1 Andreas Athanasiou Garret Ross Miikka Salomaki 60 1 2 2
2 Radek Faksa Tyler Bertuzzi Carter Ashton 40 1 2 2
PowerPlay Defense
Defense Defense Time % Phy DF OF
1 Slava Voynov Adam Pelech 60 1 2 2
2 Jordan Schmaltz Madison Bowey 40 1 2 2
Penalty Kill 4 Players Forward
Center Wing Time % Phy DF OF
1 Miikka Salomaki Andreas Athanasiou 60 1 2 2
2 Garret Ross Carter Ashton 40 1 2 2
Penalty Kill 4 Players Defense
Defense Defense Time % Phy DF OF
1 Slava Voynov Adam Pelech 60 1 2 2
2 Jordan Schmaltz Madison Bowey 40 1 2 2
Penalty Kill - 3 Players Forward
Forward Time % Phy DF OF
1 Miikka Salomaki 60 1 2 2
2 Andreas Athanasiou 40 1 2 2
Penalty Kill - 3 Players Defense
Defense Defense Time % Phy DF OF
1 Slava Voynov Adam Pelech 60 1 2 2
2 Jordan Schmaltz Madison Bowey 40 1 2 2
4 vs 4 Forward
Center Wing Time % Phy DF OF
1 Miikka Salomaki Andreas Athanasiou 60 1 2 2
2 Garret Ross Carter Ashton 40 1 2 2
4 vs 4 Defense
Defense Defense Time % Phy DF OF
1 Slava Voynov Adam Pelech 60 1 2 2
2 Jordan Schmaltz Madison Bowey 40 1 2 2
Last Minutes Offensive
Center Left Wing Right Wing Defense Defense
Andreas Athanasiou Garret Ross Miikka Salomaki Slava Voynov Adam Pelech
Last Minutes Defensive
Center Left Wing Right Wing Defense Defense
Andreas Athanasiou Garret Ross Miikka Salomaki Slava Voynov Adam Pelech
Goaltenders
Starting : Louis Domingue
Backup : Daniel Altshuller
Extra Forwards
Normal : Alex Schoenborn, Nikita Gusev, John Quenneville - PP : Alex Schoenborn, Nikita Gusev - PK : John Quenneville
Extra Defensemen
Normal : Dylan DeMelo, Ben Betker, Jordan Schmaltz - PP : Dylan DeMelo - PK : Ben Betker, Jordan Schmaltz
Penalty Shots
Miikka Salomaki, Andreas Athanasiou, Garret Ross, Carter Ashton, Radek Faksa
Scratches
Robbie Earl (Healthy), Zack Hamill (Healthy)
Mulligans
5 vs 5 Forward
Center Left Wing Right Wing Time % Phy DF OF
1 Anton Lander Eric Tangradi Jonathan Ferland 40 1 2 2
2 Maxime Macenauer Matt Beleskey Logan Shaw 30 1 2 2
3 Sam Bennett Drayson Bowman Joonas Donskoi 20 1 2 2
4 Robby Fabbri Sven Baertschi Valeri Nichushkin 10 1 2 2
5 vs 5 Defense
Defense Defense Time % Phy DF OF
1 Michael Sdao Ben Hutton 40 1 2 2
2 Cade Fairchild Darren Dietz 30 1 2 2
3 Robbie Russo Michael Sdao 20 1 2 2
4 Ben Hutton Cade Fairchild 10 1 2 2
PowerPlay Forward
Center Left Wing Right Wing Time % Phy DF OF
1 Anton Lander Eric Tangradi Jonathan Ferland 60 1 2 2
2 Maxime Macenauer Matt Beleskey Logan Shaw 40 1 2 2
PowerPlay Defense
Defense Defense Time % Phy DF OF
1 Michael Sdao Ben Hutton 60 1 2 2
2 Cade Fairchild Darren Dietz 40 1 2 2
Penalty Kill 4 Players Forward
Center Wing Time % Phy DF OF
1 Eric Tangradi Jonathan Ferland 60 1 2 2
2 Anton Lander Maxime Macenauer 40 1 2 2
Penalty Kill 4 Players Defense
Defense Defense Time % Phy DF OF
1 Michael Sdao Ben Hutton 60 1 2 2
2 Cade Fairchild Darren Dietz 40 1 2 2
Penalty Kill - 3 Players Forward
Forward Time % Phy DF OF
1 Eric Tangradi 60 1 2 2
2 Jonathan Ferland 40 1 2 2
Penalty Kill - 3 Players Defense
Defense Defense Time % Phy DF OF
1 Michael Sdao Ben Hutton 60 1 2 2
2 Cade Fairchild Darren Dietz 40 1 2 2
4 vs 4 Forward
Center Wing Time % Phy DF OF
1 Eric Tangradi Jonathan Ferland 60 1 2 2
2 Anton Lander Maxime Macenauer 40 1 2 2
4 vs 4 Defense
Defense Defense Time % Phy DF OF
1 Michael Sdao Ben Hutton 60 1 2 2
2 Cade Fairchild Darren Dietz 40 1 2 2
Last Minutes Offensive
Center Left Wing Right Wing Defense Defense
Anton Lander Eric Tangradi Jonathan Ferland Michael Sdao Ben Hutton
Last Minutes Defensive
Center Left Wing Right Wing Defense Defense
Anton Lander Eric Tangradi Jonathan Ferland Michael Sdao Ben Hutton
Goaltenders
Starting : Calvin Pickard
Backup : Juuse Saros
Extra Forwards
Normal : Reid Boucher, Jonny Brodzinski, John Hayden - PP : Reid Boucher, Jonny Brodzinski - PK : John Hayden
Extra Defensemen
Normal : Robbie Russo, Darren Dietz, Michael Sdao - PP : Robbie Russo - PK : Darren Dietz, Michael Sdao
Penalty Shots
Eric Tangradi, Jonathan Ferland, Anton Lander, Maxime Macenauer, Matt Beleskey
Scratches
Dalton Thrower (Strained Right Knee Injury)
% Time on Ice - Punishers
Lines # - Real PCT - Wanted PCT - Time Play
Normal Forward
1 - 32% - 40% - 15:16
2 - 25% - 30% - 12:05
3 - 23% - 20% - 10:50
4 - 20% - 10% - 9:27
Normal Defense
1 - 36% - 40% - 16:58
2 - 35% - 30% - 16:50
3 - 26% - 20% - 12:24
4 - 3% - 10% - 1:26
PP Forward
1 - 56% - 60% - 2:13
2 - 44% - 40% - 1:45
PP Defense
1 - 68% - 60% - 2:42
2 - 32% - 40% - 1:16
PK Forward
1 - 74% - 60% - 6:14
2 - 26% - 40% - 2:10
PK Defense
1 - 68% - 60% - 5:43
2 - 32% - 40% - 2:41
PK3 Forward
1 - 0% - 60%
2 - 0% - 40%
PK3 Defense
1 - 0% - 60%
2 - 0% - 40%
44 Forward
1 - 0% - 60%
2 - 0% - 40%
44 Defense
1 - 0% - 60%
2 - 0% - 40%
Last Minute Offensive - 0:00
Last Minute Defensive - 0:00
Total
Forward - 60:00
Defense - 60:00
|
% Time on Ice - Mulligans
Lines # - Real PCT - Wanted PCT - Time Play
Normal Forward
1 - 33% - 40% - 15:43
2 - 27% - 30% - 13:05
3 - 22% - 20% - 10:16
4 - 18% - 10% - 8:34
Normal Defense
1 - 31% - 40% - 14:46
2 - 34% - 30% - 16:23
3 - 24% - 20% - 11:30
4 - 10% - 10% - 4:59
PP Forward
1 - 57% - 60% - 4:47
2 - 43% - 40% - 3:37
PP Defense
1 - 55% - 60% - 4:39
2 - 45% - 40% - 3:45
PK Forward
1 - 69% - 60% - 2:45
2 - 31% - 40% - 1:13
PK Defense
1 - 62% - 60% - 2:28
2 - 38% - 40% - 1:30
PK3 Forward
1 - 0% - 60%
2 - 0% - 40%
PK3 Defense
1 - 0% - 60%
2 - 0% - 40%
44 Forward
1 - 0% - 60%
2 - 0% - 40%
44 Defense
1 - 0% - 60%
2 - 0% - 40%
Last Minute Offensive - 0:00
Last Minute Defensive - 0:00
Total
Forward - 60:00
Defense - 60:00
|
Play-by-Play
1st period
0:01 of 1st period - Jonathan Ferland wins face-off versus Andreas Athanasiou in neutral zone.
1:07 of 1st period - Wrist shot by Sven Baertschi.
1:07 of 1st period - Stopped by Louis Domingue with a rebound.
2:37 of 1st period - Snap shot by John Quenneville.
2:37 of 1st period - Shot Misses the Net.
2:57 of 1st period - Wrist shot by Sven Baertschi.
2:57 of 1st period - Stopped by Louis Domingue without a rebound.
2:58 of 1st period - Robby Fabbri wins face-off versus Radek Faksa in Punishers zone.
3:01 of 1st period - Snap shot by Valeri Nichushkin.
3:01 of 1st period - Stopped by Louis Domingue with a rebound.
3:09 of 1st period - Snap shot by Radek Faksa.
3:09 of 1st period - Stopped by Calvin Pickard with a rebound.
3:11 of 1st period - Slapshot by Jordan Schmaltz.
3:11 of 1st period - Stopped by Calvin Pickard with a rebound.
3:19 of 1st period - Minor Penalty to Sven Baertschi for Roughing.
3:20 of 1st period - Andreas Athanasiou wins face-off versus Eric Tangradi in Mulligans zone.
5:16 of 1st period - Slapshot by Slava Voynov.
5:16 of 1st period - Stopped by Calvin Pickard with a rebound.
5:19 of 1st period - Penalty to Sven Baertschi is over, Sven Baertschi is back on ice.
5:57 of 1st period - Snap shot by Ben Hutton.
5:57 of 1st period - Shot Misses the Net.
6:01 of 1st period - Slapshot by Sven Baertschi.
6:01 of 1st period - Stopped by Louis Domingue without a rebound.
6:02 of 1st period - Radek Faksa wins face-off versus Maxime Macenauer in Punishers zone.
6:07 of 1st period - Maxime Macenauer is hit by Radek Faksa.
6:17 of 1st period - Wrist shot by Maxime Macenauer.
6:17 of 1st period - Stopped by Louis Domingue with a rebound.
6:55 of 1st period - Wrist shot by Drayson Bowman.
6:55 of 1st period - Stopped by Louis Domingue with a rebound.
6:57 of 1st period - Slapshot by Darren Dietz.
6:57 of 1st period - Shot Misses the Net.
7:17 of 1st period - Ben Betker is hit by Robbie Russo.
7:29 of 1st period - Sven Baertschi is hit by Tyler Bertuzzi and loses puck.
7:34 of 1st period - Slapshot by Tyler Bertuzzi.
7:34 of 1st period - Shot Misses the Net.
8:00 of 1st period - Jonathan Ferland is hit by Jordan Schmaltz and loses puck.
8:54 of 1st period - Wrist shot by Drayson Bowman.
8:54 of 1st period - Stopped by Louis Domingue without a rebound.
8:55 of 1st period - Maxime Macenauer wins face-off versus Daniel Audette in Punishers zone.
9:08 of 1st period - Maxime Macenauer is hit by Daniel Audette and loses puck.
9:19 of 1st period - Ben Betker is hit by Michael Sdao and loses puck.
9:36 of 1st period - Snap shot by John Macfarland.
9:36 of 1st period - Shot Misses the Net.
9:38 of 1st period - Slapshot by Jordan Schmaltz.
9:38 of 1st period - Shot Blocked by Robbie Russo.
9:40 of 1st period - Snap shot by Michael Joly.
9:40 of 1st period - Deflect By John Macfarland.
9:40 of 1st period - Stopped by Calvin Pickard without a rebound.
9:41 of 1st period - Anton Lander wins face-off versus Andreas Athanasiou in Mulligans zone.
9:54 of 1st period - Slapshot by Miikka Salomaki.
9:54 of 1st period - Stopped by Calvin Pickard with a rebound.
9:56 of 1st period - Slapshot by Slava Voynov.
9:56 of 1st period - Stopped by Calvin Pickard with a rebound.
10:16 of 1st period - Minor Penalty to Sam Bennett for Hooking.
10:17 of 1st period - Miikka Salomaki wins face-off versus Eric Tangradi in Mulligans zone.
10:19 of 1st period - Snap shot by Garret Ross.
10:19 of 1st period - Shot Blocked by Jonathan Ferland.
11:51 of 1st period - Cade Fairchild is hit by Andreas Athanasiou and loses puck.
12:16 of 1st period - Penalty to Sam Bennett is over, Sam Bennett is back on ice.
12:26 of 1st period - Wrist shot by Maxime Macenauer.
12:26 of 1st period - Shot Misses the Net.
12:34 of 1st period - Slapshot by Anton Lander.
12:34 of 1st period - Stopped by Louis Domingue without a rebound.
12:35 of 1st period - Robby Fabbri wins face-off versus Daniel Audette in Punishers zone.
12:38 of 1st period - Snap shot by Sven Baertschi.
12:38 of 1st period - Shot Blocked by Dylan DeMelo.
13:12 of 1st period - Ben Betker is hit by Michael Sdao and loses puck.
13:49 of 1st period - Anton Lander is hit by Daniel Audette and loses puck.
14:50 of 1st period - Cade Fairchild is hit by Andreas Athanasiou and loses puck.
15:05 of 1st period - Wrist shot by Carter Ashton.
15:05 of 1st period - Shot Blocked by Cade Fairchild.
15:36 of 1st period - Icing by Nikita Gusev.
15:37 of 1st period - Maxime Macenauer wins face-off versus Daniel Audette in Punishers zone.
15:40 of 1st period - Snap shot by Maxime Macenauer.
15:40 of 1st period - Stopped by Louis Domingue with a rebound.
16:16 of 1st period - Miikka Salomaki is hit by Sven Baertschi and loses puck.
16:34 of 1st period - Snap shot by Garret Ross.
16:34 of 1st period - Stopped by Calvin Pickard without a rebound.
16:35 of 1st period - Radek Faksa wins face-off versus Anton Lander in Mulligans zone.
16:36 of 1st period - Snap shot by Tyler Bertuzzi.
16:36 of 1st period - Shot Misses the Net.
17:07 of 1st period - Michael Sdao is hit by John Quenneville and loses puck.
17:28 of 1st period - Wrist shot by Drayson Bowman.
17:28 of 1st period - Stopped by Louis Domingue with a rebound.
17:30 of 1st period - Snap shot by Ben Hutton.
17:30 of 1st period - Stopped by Louis Domingue with a rebound.
17:32 of 1st period - Slapshot by Sam Bennett.
17:32 of 1st period - Deflect By Drayson Bowman.
17:32 of 1st period - Stopped by Louis Domingue without a rebound.
17:33 of 1st period - Anton Lander wins face-off versus Andreas Athanasiou in Punishers zone.
18:20 of 1st period - Adam Pelech is hit by Robby Fabbri and loses puck.
18:53 of 1st period - Ben Betker is hit by Drayson Bowman and loses puck.
19:03 of 1st period - Off-side.
19:04 of 1st period - Andreas Athanasiou wins face-off versus Maxime Macenauer in neutral zone.
19:07 of 1st period - Ben Hutton is hit by Andreas Athanasiou and loses puck.
19:34 of 1st period - Off-side.
19:35 of 1st period - Anton Lander wins face-off versus Radek Faksa in neutral zone.
Goals for this period are 0 for Punishers vs 0 for Mulligans.
Shots for this period are 7 for Punishers vs 12 for Mulligans.
2nd period
0:01 of 2nd period - Andreas Athanasiou wins face-off versus Anton Lander in neutral zone.
0:06 of 2nd period - Garret Ross is hit by Michael Sdao and loses puck.
1:09 of 2nd period - Snap shot by Eric Tangradi.
1:09 of 2nd period - Stopped by Louis Domingue without a rebound.
1:10 of 2nd period - Daniel Audette wins face-off versus Anton Lander in Punishers zone.
1:15 of 2nd period - Slapshot by Jordan Schmaltz.
1:15 of 2nd period - Deflect By Jonathan Ferland.
1:15 of 2nd period - Stopped by Calvin Pickard with a rebound.
1:33 of 2nd period - Daniel Audette is hit by Eric Tangradi and loses puck.
1:48 of 2nd period - Slapshot by John Macfarland.
1:48 of 2nd period - Stopped by Calvin Pickard with a rebound.
1:50 of 2nd period - Slapshot by Ben Betker.
1:50 of 2nd period - Stopped by Calvin Pickard with a rebound.
2:16 of 2nd period - Slapshot by Jonathan Ferland.
2:16 of 2nd period - Shot Misses the Net.
2:18 of 2nd period - Wrist shot by Ben Hutton.
2:18 of 2nd period - Shot Misses the Net.
2:22 of 2nd period - Snap shot by Eric Tangradi.
2:22 of 2nd period - Stopped by Louis Domingue without a rebound.
2:23 of 2nd period - Maxime Macenauer wins face-off versus Andreas Athanasiou in Punishers zone.
2:28 of 2nd period - Snap shot by Logan Shaw.
2:28 of 2nd period - Deflect By Garret Ross.
2:28 of 2nd period - Stopped by Louis Domingue with a rebound.
2:30 of 2nd period - Snap shot by Maxime Macenauer.
2:30 of 2nd period - Stopped by Louis Domingue with a rebound.
2:32 of 2nd period - Wrist shot by Logan Shaw.
2:32 of 2nd period - Goal by Logan Shaw - Punishers : 0 - Mulligans : 1.
2:33 of 2nd period - Andreas Athanasiou wins face-off versus Maxime Macenauer in neutral zone.
2:41 of 2nd period - Off-side.
2:42 of 2nd period - Maxime Macenauer wins face-off versus Andreas Athanasiou in neutral zone.
2:49 of 2nd period - Snap shot by Matt Beleskey.
2:49 of 2nd period - Goal by Matt Beleskey - Punishers : 0 - Mulligans : 2.
2:50 of 2nd period - Anton Lander wins face-off versus Andreas Athanasiou in neutral zone.
3:28 of 2nd period - Wrist shot by Tyler Bertuzzi.
3:28 of 2nd period - Deflect By Maxime Macenauer.
3:28 of 2nd period - Stopped by Calvin Pickard without a rebound.
3:29 of 2nd period - Anton Lander wins face-off versus John Quenneville in Mulligans zone.
3:54 of 2nd period - Cade Fairchild is hit by Miikka Salomaki and loses puck.
4:42 of 2nd period - Snap shot by Radek Faksa.
4:42 of 2nd period - Stopped by Calvin Pickard without a rebound.
4:43 of 2nd period - Anton Lander wins face-off versus Andreas Athanasiou in Mulligans zone.
4:54 of 2nd period - Wrist shot by Garret Ross.
4:54 of 2nd period - Shot Misses the Net.
5:35 of 2nd period - Robbie Russo is hit by Nikita Gusev and loses puck.
5:48 of 2nd period - Robbie Russo is hit by Austen Brassard and loses puck.
5:59 of 2nd period - Wrist shot by Adam Pelech.
5:59 of 2nd period - Stopped by Calvin Pickard with a rebound.
6:01 of 2nd period - Wrist shot by Daniel Audette.
6:01 of 2nd period - Stopped by Calvin Pickard with a rebound.
6:03 of 2nd period - Slapshot by Slava Voynov.
6:03 of 2nd period - Shot Blocked by Michael Sdao.
6:07 of 2nd period - Slapshot by Adam Pelech.
6:07 of 2nd period - Shot Misses the Net.
6:09 of 2nd period - Wrist shot by Michael Joly.
6:09 of 2nd period - Stopped by Calvin Pickard without a rebound.
6:10 of 2nd period - Andreas Athanasiou wins face-off versus Anton Lander in Mulligans zone.
6:11 of 2nd period - Slapshot by Garret Ross.
6:11 of 2nd period - Shot Misses the Net.
6:58 of 2nd period - Wrist shot by Slava Voynov.
6:58 of 2nd period - Shot Blocked by Michael Sdao.
7:00 of 2nd period - Wrist shot by Nikita Gusev.
7:00 of 2nd period - Shot Blocked by Ben Hutton.
7:02 of 2nd period - Slapshot by Madison Bowey.
7:02 of 2nd period - Deflect By Ben Hutton.
7:02 of 2nd period - Stopped by Calvin Pickard with a rebound.
7:04 of 2nd period - Snap shot by John Quenneville.
7:04 of 2nd period - Stopped by Calvin Pickard with a rebound.
7:06 of 2nd period - Slapshot by Madison Bowey.
7:06 of 2nd period - Deflect By Ben Hutton.
7:06 of 2nd period - Stopped by Calvin Pickard without a rebound.
7:07 of 2nd period - Anton Lander wins face-off versus Andreas Athanasiou in Mulligans zone.
7:43 of 2nd period - Cade Fairchild is hit by Madison Bowey and loses puck.
8:43 of 2nd period - Wrist shot by Joonas Donskoi.
8:43 of 2nd period - Shot Misses the Net.
8:45 of 2nd period - Slapshot by Michael Sdao.
8:45 of 2nd period - Stopped by Louis Domingue with a rebound.
8:47 of 2nd period - Slapshot by Robbie Russo.
8:47 of 2nd period - Deflect By Joonas Donskoi.
8:47 of 2nd period - Goal by Joonas Donskoi - Punishers : 0 - Mulligans : 3.
8:48 of 2nd period - Anton Lander wins face-off versus Andreas Athanasiou in neutral zone.
9:03 of 2nd period - Snap shot by Garret Ross.
9:03 of 2nd period - Goal by Garret Ross - Punishers : 1 - Mulligans : 3.
9:04 of 2nd period - Andreas Athanasiou wins face-off versus Jonathan Ferland in neutral zone.
9:13 of 2nd period - Slapshot by Garret Ross.
9:13 of 2nd period - Stopped by Calvin Pickard with a rebound.
9:15 of 2nd period - Slapshot by Slava Voynov.
9:15 of 2nd period - Stopped by Calvin Pickard without a rebound.
9:16 of 2nd period - Andreas Athanasiou wins face-off versus Anton Lander in Mulligans zone.
9:41 of 2nd period - Radek Faksa is hit by Logan Shaw and loses puck.
9:50 of 2nd period - Snap shot by Maxime Macenauer.
9:50 of 2nd period - Stopped by Louis Domingue with a rebound.
10:37 of 2nd period - Sven Baertschi is hit by Madison Bowey and loses puck.
11:14 of 2nd period - Slapshot by Sam Bennett.
11:14 of 2nd period - Stopped by Louis Domingue with a rebound.
11:16 of 2nd period - Wrist shot by Drayson Bowman.
11:16 of 2nd period - Stopped by Louis Domingue with a rebound.
11:18 of 2nd period - Snap shot by Sam Bennett.
11:18 of 2nd period - Shot Blocked by Jordan Schmaltz.
11:20 of 2nd period - Wrist shot by Drayson Bowman.
11:20 of 2nd period - Shot Misses the Net.
11:22 of 2nd period - Slapshot by Ben Hutton.
11:22 of 2nd period - Stopped by Louis Domingue with a rebound.
11:24 of 2nd period - Wrist shot by Sam Bennett.
11:24 of 2nd period - Stopped by Louis Domingue with a rebound.
11:36 of 2nd period - Jordan Schmaltz is hit by Maxime Macenauer and loses puck.
12:34 of 2nd period - Icing by Drayson Bowman.
12:35 of 2nd period - Michael Joly wins face-off versus Sam Bennett in Mulligans zone.
12:38 of 2nd period - Slapshot by Dylan DeMelo.
12:38 of 2nd period - Deflect By John Macfarland.
12:38 of 2nd period - Shot Misses the Net.
12:38 of 2nd period - Puck is out of play.
12:39 of 2nd period - Anton Lander wins face-off versus Andreas Athanasiou in Mulligans zone.
12:44 of 2nd period - Garret Ross is hit by Eric Tangradi and loses puck.
13:10 of 2nd period - Dylan DeMelo is hit by Matt Beleskey.
13:31 of 2nd period - Slapshot by Darren Dietz.
13:31 of 2nd period - Deflect By Matt Beleskey.
13:31 of 2nd period - Shot Blocked by Dylan DeMelo.
13:31 of 2nd period - Puck is out of play.
13:32 of 2nd period - Daniel Audette wins face-off versus Anton Lander in Punishers zone.
13:44 of 2nd period - Minor Penalty to Daniel Audette for Hooking.
13:45 of 2nd period - Miikka Salomaki wins face-off versus Anton Lander in Punishers zone.
14:16 of 2nd period - Off-side.
14:17 of 2nd period - Miikka Salomaki wins face-off versus Maxime Macenauer in neutral zone.
14:41 of 2nd period - Darren Dietz is hit by Jordan Schmaltz and loses puck.
15:44 of 2nd period - Penalty to Daniel Audette is over, Daniel Audette is back on ice.
15:50 of 2nd period - Snap shot by John Macfarland.
15:50 of 2nd period - Stopped by Calvin Pickard with a rebound.
15:52 of 2nd period - Slapshot by John Macfarland.
15:52 of 2nd period - Stopped by Calvin Pickard with a rebound.
15:54 of 2nd period - Slapshot by Madison Bowey.
15:54 of 2nd period - Shot Misses the Net.
16:12 of 2nd period - Slapshot by Radek Faksa.
16:12 of 2nd period - Shot Misses the Net.
16:18 of 2nd period - Wrist shot by Radek Faksa.
16:18 of 2nd period - Shot Misses the Net.
16:20 of 2nd period - Wrist shot by Radek Faksa.
16:20 of 2nd period - Stopped by Calvin Pickard with a rebound.
16:22 of 2nd period - Slapshot by Madison Bowey.
16:22 of 2nd period - Stopped by Calvin Pickard without a rebound.
16:23 of 2nd period - Maxime Macenauer wins face-off versus John Quenneville in Mulligans zone.
16:30 of 2nd period - Wrist shot by Matt Beleskey.
16:30 of 2nd period - Shot Blocked by Adam Pelech.
16:32 of 2nd period - Snap shot by Matt Beleskey.
16:32 of 2nd period - Shot Misses the Net.
16:53 of 2nd period - Slapshot by Michael Sdao.
16:53 of 2nd period - Shot Blocked by Slava Voynov.
17:11 of 2nd period - Slapshot by Slava Voynov.
17:11 of 2nd period - Stopped by Calvin Pickard without a rebound.
17:12 of 2nd period - Radek Faksa wins face-off versus Maxime Macenauer in Mulligans zone.
17:36 of 2nd period - Ben Betker is hit by Drayson Bowman and loses puck.
18:07 of 2nd period - Snap shot by Miikka Salomaki.
18:07 of 2nd period - Shot Misses the Net.
18:21 of 2nd period - Robbie Russo is hit by Madison Bowey and loses puck.
18:55 of 2nd period - Garret Ross is hit by Sam Bennett and loses puck.
19:28 of 2nd period - Anton Lander is hit by Daniel Audette and loses puck.
Goals for this period are 1 for Punishers vs 3 for Mulligans.
Shots for this period are 19 for Punishers vs 13 for Mulligans.
3rd period
0:01 of 3rd period - Andreas Athanasiou wins face-off versus Anton Lander in neutral zone.
1:08 of 3rd period - Off-side.
1:09 of 3rd period - Robby Fabbri wins face-off versus Daniel Audette in neutral zone.
1:55 of 3rd period - Jonathan Ferland is hit by Nikita Gusev and loses puck.
2:00 of 3rd period - Wrist shot by Nikita Gusev.
2:00 of 3rd period - Deflect By Austen Brassard.
2:00 of 3rd period - Stopped by Calvin Pickard with a rebound.
3:05 of 3rd period - Snap shot by John Quenneville.
3:05 of 3rd period - Shot Misses the Net.
3:07 of 3rd period - Slapshot by Ben Betker.
3:07 of 3rd period - Stopped by Calvin Pickard without a rebound.
3:08 of 3rd period - Maxime Macenauer wins face-off versus John Quenneville in Mulligans zone.
3:33 of 3rd period - Sam Bennett is hit by Carter Ashton and loses puck.
3:59 of 3rd period - Andreas Athanasiou is hit by Valeri Nichushkin and loses puck.
5:03 of 3rd period - Anton Lander is hit by Dylan DeMelo and loses puck.
5:10 of 3rd period - Wrist shot by Miikka Salomaki.
5:10 of 3rd period - Shot Misses the Net.
6:01 of 3rd period - Slava Voynov is hit by Cade Fairchild and loses puck.
6:32 of 3rd period - Tyler Bertuzzi is hit by Robby Fabbri and loses puck.
6:52 of 3rd period - Icing by Michael Sdao.
6:53 of 3rd period - Andreas Athanasiou wins face-off versus Maxime Macenauer in Mulligans zone.
8:48 of 3rd period - Slapshot by Cade Fairchild.
8:48 of 3rd period - Deflect By Logan Shaw.
8:48 of 3rd period - Stopped by Louis Domingue with a rebound.
9:03 of 3rd period - Minor Penalty to Carter Ashton for Hooking.
9:04 of 3rd period - Miikka Salomaki wins face-off versus Anton Lander in Punishers zone.
10:26 of 3rd period - Eric Tangradi is hit by Adam Pelech and loses puck.
11:03 of 3rd period - Penalty to Carter Ashton is over, Carter Ashton is back on ice.
11:08 of 3rd period - Slapshot by Robbie Russo.
11:08 of 3rd period - Shot Blocked by Jordan Schmaltz.
11:10 of 3rd period - Slapshot by Robbie Russo.
11:10 of 3rd period - Stopped by Louis Domingue without a rebound.
11:11 of 3rd period - Reid Boucher wins face-off versus Radek Faksa in Punishers zone.
11:14 of 3rd period - Snap shot by Joonas Donskoi.
11:14 of 3rd period - Goal by Joonas Donskoi - Punishers : 1 - Mulligans : 4.
11:15 of 3rd period - Garret Ross wins face-off versus Jonathan Ferland in neutral zone.
11:17 of 3rd period - Double Minor Penalty to Garret Ross for High sticking.
11:18 of 3rd period - Anton Lander wins face-off versus Miikka Salomaki in Punishers zone.
11:48 of 3rd period - Snap shot by Logan Shaw.
11:48 of 3rd period - Shot Misses the Net.
11:50 of 3rd period - Snap shot by Darren Dietz.
11:50 of 3rd period - Shot Misses the Net.
11:52 of 3rd period - Slapshot by Darren Dietz.
11:52 of 3rd period - Deflect By Maxime Macenauer.
11:52 of 3rd period - Stopped by Louis Domingue with a rebound.
11:54 of 3rd period - Slapshot by Cade Fairchild.
11:54 of 3rd period - Stopped by Louis Domingue without a rebound.
11:55 of 3rd period - Anton Lander wins face-off versus Miikka Salomaki in Punishers zone.
12:00 of 3rd period - Wrist shot by Eric Tangradi.
12:00 of 3rd period - Goal by Eric Tangradi - Punishers : 1 - Mulligans : 5.
12:01 of 3rd period - Anton Lander wins face-off versus Miikka Salomaki in neutral zone.
12:16 of 3rd period - Snap shot by Anton Lander.
12:16 of 3rd period - Shot Misses the Net.
14:00 of 3rd period - Penalty to Garret Ross is over, Garret Ross is back on ice.
14:15 of 3rd period - Slapshot by Slava Voynov.
14:15 of 3rd period - Stopped by Calvin Pickard with a rebound.
14:17 of 3rd period - Backhand shot by Ben Betker.
14:17 of 3rd period - Shot Misses the Net.
14:33 of 3rd period - Minor Penalty to Ben Betker for Tripping.
14:34 of 3rd period - Miikka Salomaki wins face-off versus Anton Lander in Punishers zone.
14:44 of 3rd period - Slapshot by Anton Lander.
14:44 of 3rd period - Shot Misses the Net.
14:46 of 3rd period - Snap shot by Eric Tangradi.
14:46 of 3rd period - Goal by Eric Tangradi - Punishers : 1 - Mulligans : 6.
14:47 of 3rd period - Anton Lander wins face-off versus Andreas Athanasiou in neutral zone.
15:57 of 3rd period - Snap shot by Andreas Athanasiou.
15:57 of 3rd period - Shot Blocked by Michael Sdao.
15:59 of 3rd period - Slapshot by Andreas Athanasiou.
15:59 of 3rd period - Shot Blocked by Ben Hutton.
16:01 of 3rd period - Slapshot by Ben Betker.
16:01 of 3rd period - Stopped by Calvin Pickard without a rebound.
16:02 of 3rd period - Anton Lander wins face-off versus Radek Faksa in Mulligans zone.
16:13 of 3rd period - Snap shot by Tyler Bertuzzi.
16:13 of 3rd period - Shot Misses the Net.
16:15 of 3rd period - Snap shot by Slava Voynov.
16:15 of 3rd period - Shot Misses the Net.
16:17 of 3rd period - Slapshot by Radek Faksa.
16:17 of 3rd period - Stopped by Calvin Pickard without a rebound.
16:18 of 3rd period - Maxime Macenauer wins face-off versus Andreas Athanasiou in Mulligans zone.
16:18 of 3rd period - Maxime Macenauer is hit by Andreas Athanasiou.
16:48 of 3rd period - Snap shot by Carter Ashton.
16:48 of 3rd period - Stopped by Calvin Pickard with a rebound.
17:16 of 3rd period - Valeri Nichushkin is hit by Jordan Schmaltz and loses puck.
17:28 of 3rd period - Austen Brassard is hit by Robby Fabbri and loses puck.
18:01 of 3rd period - Sven Baertschi is hit by Nikita Gusev and loses puck.
18:21 of 3rd period - Austen Brassard is hit by Valeri Nichushkin.
18:28 of 3rd period - Minor Penalty to Madison Bowey for Tripping.
18:29 of 3rd period - Miikka Salomaki wins face-off versus Anton Lander in Punishers zone.
19:45 of 3rd period - Anton Lander is hit by John Macfarland and loses puck.
Goals for this period are 0 for Punishers vs 3 for Mulligans.
Shots for this period are 6 for Punishers vs 7 for Mulligans.
Back to the Top